AoeStats
← EL GATO TECHERO

Black Forest

508369861Analyzed
4v4 RM · 12d ago on Sep 22, 2026· 45m 7s· 8 players
Game mode
Random Map
Map size
Large (8 player)
Population
200
Speed
Normal
Resources
Standard
Victory
Conquest
Starting age
Dark Age
Ending age
Imperial Age
RankedLock teamsTeams togetherTeam positionsShared explorationLock speedFull tech treeHidden civsTurbo modeCheats
Victory
Defeat
🇨🇳 Britons · China
930
+14
🇯🇵 Khmer · Japan
927
+14
🇹🇭 Japanese · Thailand
907
+15
🇹🇭 Bohemians · Thailand
887
+16
🇵🇪 Mongols · Peru
930
-16
🇵🇪 Saracens · Peru
914
-16
🇵🇪 Persians · Peru
869
-14
🇨🇳 Armenians · China
842
-13
lesserpanda1300
2:30 Loom
13:44 Feudal Age
14:09 Horse Collar
14:17 Double-Bit Axe
21:34 Castle Age
19:33 Stone Mining
20:16 Bloodlines
20:44 Forging
20:35 Fletching
21:53 Scale Barding Armor
23:00 Bow Saw
22:55 Heavy Plow
23:29 Husbandry
22:50 Light Cavalry
23:30 Bodkin Arrow
25:20 Wheelbarrow
32:29 Coinage
32:00 Caravan
34:50 Imperial Age
32:39 Hand Cart
32:57 Murder Holes
33:24 Ballistics
33:45 Iron Casting
33:32 Chain Barding Armor
35:35 Double Crossbow
36:05 Conscription
36:24 Crop Rotation
37:17 Chemistry
36:16 Gold Mining
37:01 Banking
37:37 Blast Furnace
36:40 Bracer
37:34 Gold Shaft Mining
36:30 Hussar
38:01 Heavy Scorpion
40:16 Plate Barding Armor
42:45 Scale Mail Armor
42:45 Padded Archer Armor
42:59 Masonry
44:12 Capped Ram
Cody
0:27 Loom
12:31 Feudal Age
17:59 Castle Age
16:10 Double-Bit Axe
19:39 Wheelbarrow
21:54 Fervor
22:14 Bow Saw
21:46 Horse Collar
24:24 Heavy Plow
26:19 Treadmill Crane
28:13 Hand Cart
32:54 Imperial Age
31:49 Pikeman
32:30 Squires
32:44 Forging
32:34 Scale Mail Armor
32:55 Elite Skirmisher
33:23 Arson
34:46 Conscription
35:38 Chemistry
34:58 Ballistics
35:38 Wagenburg Tactics
36:13 Iron Casting
35:53 Chain Mail Armor
35:29 Fletching
35:39 Padded Archer Armor
35:36 Halberdier
36:33 Houfnice
37:26 Bodkin Arrow
40:23 Two-Man Saw
40:40 Siege Engineers
40:48 Fortified Wall
40:49 Masonry
40:18 Elite Hussite Wagon
Zozimbo
0:46 Loom
12:02 Feudal Age
17:42 Castle Age
18:43 Double-Bit Axe
19:21 Horse Collar
24:06 Heavy Plow
26:45 Bow Saw
26:48 Stone Mining
26:49 Gold Mining
26:56 Gold Mining
30:16 Gold Shaft Mining
31:05 Wheelbarrow
30:17 Town Watch
30:52 Scale Mail Armor
31:17 Town Patrol
32:05 Hand Cart
35:06 Imperial Age
34:24 Ballistics
34:37 Guard Tower
36:19 Arrowslits
37:34 Chemistry
36:57 Chain Mail Armor
36:52 Forging
36:43 Padded Archer Armor
36:33 Fletching
36:47 Caravan
37:17 Coinage
37:52 Two-Man Saw
36:49 Pikeman
37:31 Squires
37:18 Arson
38:06 Elite Samurai
39:07 Conscription
39:40 Banking
39:22 Halberdier
39:39 Elite Skirmisher
41:56 Plate Mail Armor
42:01 Iron Casting
41:21 Bodkin Arrow
41:41 Leather Archer Armor
43:45 Kataparuto
45:19 Bracer
46:19 Blast Furnace
45:25 Scale Barding Armor
Leo
12:22 Feudal Age
15:54 Double-Bit Axe
19:37 Castle Age
17:55 Stone Mining
18:00 Horse Collar
19:49 Gold Mining
27:22 Fletching
30:52 Ballistics
34:26 Imperial Age
32:59 Wheelbarrow
33:10 Yeomen
32:56 Padded Archer Armor
32:44 Treadmill Crane
33:18 Bow Saw
34:56 Fortified Wall
34:45 Bodkin Arrow
34:13 Pikeman
34:55 Squires
36:25 Conscription
36:17 Bracer
36:58 Gold Shaft Mining
36:47 Hand Cart
38:32 Chemistry
38:10 Warwolf
39:22 Halberdier
42:56 Gambesons
asaenzb16_1
1:54 Loom
13:34 Feudal Age
14:49 Wheelbarrow
14:06 Horse Collar
14:17 Double-Bit Axe
19:51 Castle Age
18:41 Gold Mining
19:13 Stone Mining
21:00 Heavy Plow
23:57 Town Watch
27:32 Bow Saw
29:18 Hand Cart
29:22 Caravan
34:18 Imperial Age
32:08 Fletching
31:58 Pikeman
32:41 Squires
32:48 Padded Archer Armor
33:08 Arson
33:23 Bodkin Arrow
33:48 Leather Archer Armor
33:45 Thumb Ring
34:06 Elite Skirmisher
34:59 Forging
34:52 Scale Mail Armor
35:21 Conscription
36:05 Chemistry
35:27 Ballistics
35:36 Nomads
35:57 Drill
35:02 Capped Ram
36:36 Gold Shaft Mining
36:36 Bracer
37:38 Elite Mangudai
40:29 Bloodlines
40:21 Husbandry
39:46 Light Cavalry
39:50 Man-at-Arms
40:40 Scale Barding Armor
41:17 Iron Casting
40:47 Hussar
Wolfenar
0:32 Loom
14:03 Feudal Age
16:17 Gold Mining
18:06 Horse Collar
19:22 Wheelbarrow
23:06 Castle Age
21:50 Stone Mining
22:06 Double-Bit Axe
26:47 Bow Saw
30:54 Gold Shaft Mining
30:49 Husbandry
32:23 Bloodlines
33:32 Heavy Plow
33:34 Pikeman
35:42 Scale Barding Armor
35:35 Light Cavalry
居合
10:14 Loom
12:33 Feudal Age
13:56 Double-Bit Axe
20:06 Castle Age
19:57 Horse Collar
20:10 Gold Mining
20:14 Stone Mining
22:06 Heavy Plow
22:18 Bow Saw
27:12 Wheelbarrow
31:19 Imperial Age
29:57 Gold Shaft Mining
29:47 Squires
29:33 Arson
30:11 Ballistics
29:45 Fletching
29:55 Padded Archer Armor
30:38 Bodkin Arrow
30:43 Pikeman
31:43 Leather Archer Armor
33:12 Chemistry
33:48 Hand Cart
33:02 Elite Composite Bowman
34:04 Conscription
35:46 Bracer
36:16 Ring Archer Armor
37:47 Scale Mail Armor
37:58 Forging
41:02 Chain Mail Armor
41:23 Iron Casting
41:14 Fereters
EL GATO TECHERO
12:09 Feudal Age
12:30 Double-Bit Axe
12:27 Horse Collar
20:53 Castle Age
21:36 Bow Saw
21:29 Heavy Plow
25:20 Gold Mining
27:43 Wheelbarrow
28:42 Gold Shaft Mining
30:41 Stone Mining
31:16 Hand Cart
35:18 Imperial Age
33:36 Scale Barding Armor
33:44 Forging
33:30 Loom
36:07 Stone Shaft Mining
34:59 Cavalier
35:40 Husbandry
35:51 Bloodlines
36:22 Crop Rotation
36:55 Two-Man Saw
38:38 Savar
40:40 Chain Barding Armor
40:57 Iron Casting
42:15 Plate Barding Armor
43:44 Blast Furnace
Connection lost

Rejoining the realm…

Still unreachable

The connection could not be restored.

Session expired

The server has moved on; the page needs a fresh start.